 Dungeon Crawl Stone Soup version 0.22-a0-441-gcf5b0c6 (webtiles) character file.

135 wazuzu the Ruffian (level 4, -4/40 HPs)
             Began as a Minotaur Monk on May 30, 2018.
             Slain by an orc priest
             ... wielding a +0 hand axe
              (5 damage)
             ... on level 4 of the Dungeon.
             The game lasted 00:07:20 (3737 turns).

wazuzu the Ruffian (Minotaur Monk)                  Turns: 3737, Time: 00:07:21

Health: -4/40      AC:  1    Str: 16    XL:     4   Next: 96%
Magic:  3/3        EV: 12    Int:  7    God:
Gold:   153        SH:  5    Dex: 13    Spells: 3/3 levels left

rFire    . . .     SeeInvis .     - Unarmed
rCold    . . .     Gourm    .   g - +2 buckler
rNeg     . . .     Faith    .   (no armour)
rPois    .         Spirit   .   (helmet restricted)
rElec    .         Reflect  .   (no cloak)
rCorr    .         Harm     .   (no gloves)
MR       .....                  j - +0 pair of boots
Stlth    ++........             (no amulet)
HPRegen  0.13/turn              (no ring)
MPRegen  0.08/turn              (no ring)

@: no status effects
A: retaliatory headbutt, horns 2
a: no special abilities


You were on level 4 of the Dungeon.
You were not hungry.

You visited 1 branch of the dungeon, and saw 4 of its levels.

You collected 153 gold pieces.

Inventory:

Armour
 g - a +2 buckler (worn)
 j - a +0 pair of boots (worn)
Scrolls
 a - a scroll of noise {unknown}
 c - a scroll of enchant armour {unknown}
 d - 2 scrolls of amnesia {unknown}
 e - 2 scrolls of identify {unknown}
 f - a scroll of teleportation {unknown}
 h - 5 scrolls of remove curse {unknown}
 l - 3 scrolls of magic mapping {unknown}
 m - a scroll of immolation {unknown}
Comestibles
 b - 7 rations


   Skills:
 - Level 3.8 Fighting
 - Level 3.4 Dodging
 - Level 1.7 Stealth
 + Level 6.0 Unarmed Combat


You had 3 spell levels left.
You didn't know any spells.
Your spell library was empty.

Dungeon Overview and Level Annotations

Branches:
Dungeon (4/15)
 Temple: D:4-7

Altars:
Cheibriados
Elyvilon


Innate Abilities, Weirdness & Mutations

You reflexively headbutt those who attack you in melee.
You have a pair of horns on your head.


Message History

You hit the orc priest.
The orc priest is lightly wounded.
The orc priest miscasts a cantrip.
You hit the orc priest.
The orc priest is moderately wounded.
You hit the orc priest.
The orc priest is moderately wounded.
The orc priest mumbles some strange prayers to Beogh against you.
Beogh smites you! You block the orc priest's attack.
You closely miss the orc priest.
The orc priest is moderately wounded.
The orc priest hits you.
The orc priest hits you with a hand axe.
You hit the orc priest.
The orc priest is severely wounded.
The orc priest mumbles some strange prayers to Beogh against you.
Beogh smites you!
* * * LOW HITPOINT WARNING * * *
The orc priest hits you with a hand axe.
You die...

##### #...# #...# #####
#...##########....
#...#........#.###
#...#.#####....#.#
#.....# #._..#.#
#@....#####....#<.
.....ooo................
##....###.#...#...##....
...... ......#...######
.#### ##.###.##.## #.#
#...<# #.# #..#.# ##.#.#
# #.#


You could see 2 orc priests and an orc.

Vanquished Creatures
  2 orc wizards (D:3)
  An adder (D:2)
  3 worms
  A dart slug (D:2)
  3 leopard geckos
  3 orcs (D:3)
  A ball python (D:1)
  8 bats
  8 giant cockroaches
  8 goblins
  3 hobgoblins
  6 kobolds
  A quokka skeleton (D:4)
  7 rats
55 creatures vanquished.

Notes
Turn   | Place    | Note
-------+----------+-------------------------------------------
     0 | D:1      | wazuzu the Minotaur Monk began the quest for the Orb.
     0 | D:1      | Reached XP level 1. HP: 19/19 MP: 0/0
    12 | D:1      | Noticed a black mamba
    12 | D:1      | Noticed a swamp worm
    12 | D:1      | Noticed a wyvern
    13 | D:1      | Noticed a polar bear
    13 | D:1      | Noticed a crocodile
   382 | D:1      | Reached XP level 2. HP: 27/27 MP: 1/1
  1068 | D:2      | Reached skill level 4 in Unarmed Combat
  1438 | D:2      | Reached XP level 3. HP: 7/33 MP: 2/2
  2724 | D:3      | Reached skill level 5 in Unarmed Combat
  2790 | D:3      | Found a white marble altar of Elyvilon.
  2906 | D:3      | Reached XP level 4. HP: 38/40 MP: 3/3
  3447 | D:3      | Reached skill level 6 in Unarmed Combat
  3682 | D:4      | Found a snail-covered altar of Cheibriados.
  3737 | D:4      | HP: 1/40 [orc priest/divine providence (16)]
  3737 | D:4      | Slain by an orc priest

Vault maps used:
D:1:      onia_arrival_zoo_common, minmay_pentomino_z4
D:3:      elyvilon_altar_4
D:4:      fedhas_altar_4, cheibriados_altar_1, first_ration

Skill      XL: |  1  2  3  4 |
---------------+-------------+-----
Unarmed Combat | 4 5 6 |  6.0
Fighting       | |  3.8
Dodging        | |  3.4
Stealth        | |  1.7

Action                   |  1- 3 |  4- 6 || total
-------------------------+-------+-------++-------
Melee: Unarmed           |   109 |    31 ||   140
       Headbutt          |    15 |     5 ||    20
       Punch             |     1 |       ||     1
  Use: Potion            |       |     1 ||     1
 Stab: Sleeping          |     5 |     1 ||     6
  Eat: Chunk             |     6 |       ||     6
       Ration            |       |     1 ||     1
Armor: Skin              |     2 |       ||     2
Dodge: Dodged            |    67 |     4 ||    71
Block: Buckler           |    17 |     7 ||    24

Table legend:
 A = Spawn XP
 B = Non-spawn XP
 C = Spawn XP percentage of total XP
 D = Spawn monster count
 E = Non-spawn monster count
 F = Spawn count percentage of total count
 G = Total turns spent on level
                    A         B        C        D         E        F      G
               +---------+---------+-------+---------+---------+-------+---------
         Total |       0 |     193 |   0.0 |       0 |      55 |   0.0 |  3737
               +---------+---------+-------+---------+---------+-------+---------
           D:1 |       0 |      22 |   0.0 |       0 |      13 |   0.0 |   940
           D:2 |       0 |      52 |   0.0 |       0 |      19 |   0.0 |  2023
           D:3 |       0 |     118 |   0.0 |       0 |      22 |   0.0 |   718
           D:4 |       0 |       1 |   0.0 |       0 |       1 |   0.0 |    56
               +---------+---------+-------+---------+---------+-------+---------
